 Dungeon Crawl Stone Soup version 0.23-a0-417-gf02c810438 (webtiles) character file.

121 Pilesh the Shield-Bearer (level 4, -3/40 HPs)
             Began as a Minotaur Fighter on Nov 11, 2018.
             Was an Initiate of Okawaru.
             Slain by Grinder (4 damage)
             ... on level 3 of the Dungeon.
             The game lasted 00:03:58 (1947 turns).

Pilesh the Shield-Bearer (Minotaur Fighter)         Turns: 1947, Time: 00:03:59

Health: -3/40      AC:  8    Str: 27    XL:     4   Next: 76%
Magic:  3/3        EV:  8    Int:  5    God:    Okawaru [......]
Gold:   125        SH: 10    Dex:  9    Spells: 3/3 levels left

rFire    + . .     SeeInvis .   a - +1 war axe
rCold    . . .     Gourm    .   c - +0 shield
rNeg     . . .     Faith    .   b - +0 scale mail
rPois    .         Spirit   .   (helmet restricted)
rElec    .         Reflect  .   (no cloak)
rCorr    .         Harm     .   k - +0 pair of gloves
MR       .....                  (no boots)
Stlth    ..........             l - amulet of the acrobat
HPRegen  0.13/turn              j - ring of protection from fire
MPRegen  0.08/turn              (no ring)

@: mighty
A: retaliatory headbutt, horns 2
a: Renounce Religion


You were on level 3 of the Dungeon.
You worshipped Okawaru.
Okawaru was noncommittal.
You were not hungry.

You visited 1 branch of the dungeon, and saw 3 of its levels.

You collected 125 gold pieces.

Inventory:

Hand Weapons
 a - a +1 war axe (weapon)
Armour
 b - a +0 scale mail (worn)
 c - a +0 shield (worn)
 k - a +0 pair of gloves (worn)
Jewellery
 j - a ring of protection from fire (left hand)
 l - an amulet of the acrobat (around neck)
Scrolls
 e - 5 scrolls of remove curse
 g - a scroll of identify {unknown}
Potions
 h - 2 potions of curing
 i - a potion of heal wounds {unknown}
 n - 2 potions of flight {unknown}
Comestibles
 f - 7 rations


   Skills:
 + Level 4.2 Fighting
 * Level 4.0 Axes
 + Level 4.2 Armour
 + Level 1.6 Dodging
 + Level 4.3 Shields


You had 3 spell levels left.
You didn't know any spells.
Your spell library was empty.

Dungeon Overview and Level Annotations

Branches:
Dungeon (3/15)

Altars:
Okawaru
Qazlal
Trog

Annotations:
D:3 Grinder


Innate Abilities, Weirdness & Mutations

You reflexively headbutt those who attack you in melee.
You have a pair of horns on your head.


Message History

You block the orc's attack.
You slash the orc!
You kill the orc!
Okawaru accepts your kill.
You completely miss something. Something hits you but does no damage.
You swing at nothing.
You swing at nothing.
Pain shoots through your body!
* * * LOW HITPOINT WARNING * * *
You swing at nothing.
Pain shoots through your body!
* * * LOW HITPOINT WARNING * * *
Pain shoots through your body!
* * * LOW HITPOINT WARNING * * *
You swing at nothing.
You swing at nothing.
You closely miss something. You block something's attack.
A goblin comes into view. It is wielding a +0 club.
Something hits you.
* * * LOW HITPOINT WARNING * * *
You writhe in agony.
You die...

,,##.#,*,*≈,,*,,*,,*,,≈*
≈,,*#.*,*#≈,,*,,*,,*,,≈#
,,≈,**,*,#≈.,♣♣♣*♣♣♣,.≈#
≈≈_,*,*,*#≈.g♣.)*.$♣..≈#
_,,≈,,,*,#≈..♣..*..♣..≈#
,,,**,*,*#≈....?*.....≈#
≈,,≈**,*,#≈.....♣.....≈#
≈≈***,*,*#≈.....)....$≈#
*,**,*,*,#≈≈≈≈≈≈@≈≈≈≈≈≈#
,**,*,*,*#######'#######
,*,*,*,*.#.#.#.#.##..#
*,*,*,*,#.#.#.#.#.#..#
,*,*,*,*,#.#.#.#.#..>#
*,*,*,*,*,#.#.#'#.####
+*,*,*,*,*,#......#
,,,*,*****,##.....#
,,,,,*****,*#.....#


You could see a goblin (wandering).

Vanquished Creatures
  4 gnolls (D:3)
  2 adders
  3 worms
  A dart slug (D:2)
  A leopard gecko (D:2)
  2 orcs
  A giant cockroach (D:1)
  11 goblins
  4 hobgoblins
  2 jackals (D:1)
  4 kobolds (D:2)
  3 quokkas
  2 bats (D:2)
  9 frilled lizards
  5 rats
54 creatures vanquished.

Notes
Turn   | Place    | Note
-------+----------+-------------------------------------------
     0 | D:1      | Pilesh the Minotaur Fighter began the quest for the Orb.
     0 | D:1      | Reached XP level 1. HP: 19/19 MP: 0/0
    65 | D:1      | Reached XP level 2. HP: 26/27 MP: 1/1
   651 | D:2      | Found a faded altar of an unknown god.
   694 | D:2      | Reached XP level 3. HP: 33/33 MP: 2/2
   804 | D:2      | Reached skill level 1 in Dodging
   893 | D:2      | Found a bloodstained altar of Trog.
  1388 | D:3      | Found a stormy altar of Qazlal.
  1403 | D:3      | Found an iron altar of Okawaru.
  1410 | D:3      | Became a worshipper of Warmaster Okawaru
  1456 | D:3      | Reached XP level 4. HP: 28/40 MP: 3/3
  1929 | D:3      | Noticed Grinder
  1932 | D:3      | Paralysed by something for 6 turns
  1944 | D:3      | HP: 2/40 [something/nerve-wracking pain (3)]
  1947 | D:3      | Slain by Grinder

Vault maps used:
D:1:      minmay_arrival_semitransparent, corexii_hall_statues_i, minivault_4,
          minmay_misc_feat_x
D:2:      first_ration, chequers_ecumenical_altar_simple, grunt_ministairs_7,
          trog_butcher_becter
D:3:      kennysheep_goblin_castle, xom_redecorated,
          amethyst_overflow_temple_binary, kennysheep_generic_room_16,
          uniq_grinder

Skill      XL: |  1  2  3  4 |
---------------+-------------+-----
Shields        | 4 |  4.3
Axes           | 3 4 |  4.0
Dodging        | 1 |  1.6
Fighting       | 4 |  4.2
Armour         | 4 |  4.2

Action                   |  1- 3 |  4- 6 || total
-------------------------+-------+-------++-------
Melee: War axe           |    91 |    33 ||   124
       Headbutt          |     9 |     4 ||    13
  Use: Scroll            |       |     6 ||     6
       Potion            |       |     3 ||     3
  Eat: Chunk             |     1 |     2 ||     3
Armor: Scale mail        |    43 |    16 ||    59
Dodge: Dodged            |    35 |    17 ||    52
Block: Shield            |    44 |    27 ||    71

Table legend:
 A = Non-vault XP
 B = Vault XP
 C = Vault XP percentage of total XP
 D = Non-vault monster count
 E = Vault monster count
 F = Vault count percentage of total count
                 A         B        C        D         E       F
            +---------+---------+-------+---------+---------+-------
      Total |     158 |      15 |   8.7 |      47 |       7 |  13.0
            +---------+---------+-------+---------+---------+-------
        D:1 |      28 |       0 |   0.0 |      18 |       0 |   0.0
        D:2 |      45 |      12 |  21.1 |      15 |       6 |  28.6
        D:3 |      85 |       3 |   3.4 |      14 |       1 |   6.7
            +---------+---------+-------+---------+---------+-------
